 Dungeon Crawl Stone Soup version 0.28.0-53-g5a82cb258f (webtiles) character file.

Game seed: 7841021206068607900

584 hawla the Firebug (level 7, -2/37 HPs)
             Began as a Deep Elf Fire Elementalist on May 29, 2022.
             Slain by a mummy (13 damage)
             ... in an ossuary.
             The game lasted 00:08:12 (3278 turns).

hawla the Firebug (Deep Elf Fire Elementalist)      Turns: 3278, Time: 00:08:13

Health: -2/37      AC:  6    Str: 11    XL:     7   Next: 14%
Magic:  2/23       EV: 13    Int: 22    God:
Gold:   81         SH:  0    Dex: 15    Spells: 6/13 levels left

rFire   . . .      SeeInvis .   h - +2 dagger (venom)
rCold   . . .      Faith    .   (no shield)
rNeg    . . .      Spirit   .   a - +0 robe
rPois   .          Reflect  .   j - +2 helmet
rElec   .          Harm     .   (no cloak)
rCorr   .          Rampage  .   (no gloves)
Will    .....                   b - +0 pair of boots
Stlth   ++........              (no amulet)
HPRegen 0.12/turn               f - ring of magical power
MPRegen 0.18/turn               d - +6 ring of strength

@: on berserk cooldown, slowed, very slow
A: no striking features
a: no special abilities


You were in an ossuary.
You visited 1 branch of the dungeon, and saw 6 of its levels.
You also visited: Ossuary.

You collected 81 gold pieces.

Inventory:

Hand Weapons
 h - a +2 dagger of venom (weapon)
Missiles
 c - a throwing net
 g - 10 poisoned darts (quivered)
Armour
 a - a +0 robe (worn)
 b - a +0 pair of boots (worn)
 j - a +2 helmet (worn)
Jewellery
 d - a +6 ring of strength (right hand)
 f - a ring of magical power (left hand)
Potions
 i - a potion of might


   Skills:
 + Level 0.5 Fighting
 + Level 1.4 Short Blades
 + Level 3.1 Dodging
 - Level 3.0 Stealth
 - Level 3.8 Spellcasting
 * Level 3.5 Conjurations
 * Level 7.3 Fire Magic


You had 6 spell levels left.
You knew the following spells:

 Your Spells              Type           Power      Damage    Failure   Level
a - Foxfire               Conj/Fire      100%       2x1d9     1%          1
b - Scorch                Fire           72%        2d8       1%          2
c - Flame Wave            Conj/Fire      28%        2d8       12%         4

Your spell library contained the following spells:

 Spells                   Type           Power      Damage    Failure   Level
 Conjure Flame            Conj/Fire      28%        6-21      3%          3
 Inner Flame              Hex/Fire       20%        N/A       8%          3


Dungeon Overview and Level Annotations

Branches:
Dungeon (6/15)            Ossuary (1/1)
 Temple: D:4-7

Altars:
Fedhas
Sif Muna


Message History

The mummy is almost destroyed.
You hit the mummy.
You destroy the mummy!
The mummy closely misses you. The mummy completely misses you.
You closely miss the mummy. You puncture the mummy!
The mummy is moderately damaged.
You puncture the mummy!
The mummy is almost destroyed.
The mummy hits you! The mummy closely misses you. The mummy hits you!
* * * LOW HITPOINT WARNING * * *
You hit the mummy.
You destroy the mummy!
You puncture the mummy!
The mummy is moderately damaged.
The mummy barely misses you.
You hit the mummy.
The mummy is heavily damaged.
The mummy barely misses you.
You puncture the mummy! Your punch misses the mummy.
The mummy is almost destroyed.
You puncture the mummy!
You destroy the mummy!
You puncture the mummy!
The mummy is heavily damaged.
The mummy closely misses you.
You hit the mummy.
The mummy is heavily damaged.
You hit the mummy.
The mummy is almost destroyed.
The mummy barely misses you.
You barely miss the mummy.
The mummy is almost destroyed.
You are no longer berserk.
You are exhausted.
You feel yourself slow down.
Casting: Flame Wave (quite dangerous; 12% risk of failure)
Confirm with . or Enter, or press ? or * to list all spells.
You conjure some foxfire!
The mummy hits you!
You die...

...............
...............
...............
...............
...............
...............
...............
......v@.......
......v.M......
...............
...............
...............
...............
...............
...............


You could see a mummy (ally target).

Vanquished Creatures
  An ogre (D:5)
  2 elf zombies (Ossuary)
  A scorpion (D:5)
  A water moccasin skeleton (D:5)
  2 human zombies (Ossuary)
  A hound zombie (Ossuary)
  4 mummies
  2 hound skeletons (D:5)
  Robin (D:2)
  An adder (D:2)
  An adder skeleton (D:2)
  A worm (D:3)
  A dart slug (D:2)
  4 ball pythons
  4 bats
  7 endoplasms
  3 giant cockroaches
  A gnoll zombie (Ossuary)
  7 hobgoblins
  4 jackals (D:1)
  5 kobolds
  3 quokkas
  6 frilled lizards
  10 goblins
  A goblin zombie (Ossuary)
  2 jackal zombies (Ossuary)
  A kobold zombie (Ossuary)
  2 orc zombies (Ossuary)
  2 rats (D:1)
81 creatures vanquished.

Vanquished Creatures (others)
  100 foxfires
100 creatures vanquished.

Grand Total: 181 creatures vanquished

Notes
Turn   | Place    | Note
-------+----------+-------------------------------------------
     0 | D:1      | hawla the Deep Elf Fire Elementalist began the quest for
                  | the Orb.
     0 | D:1      | Reached XP level 1. HP: 10/10 MP: 6/6
   374 | D:1      | Reached XP level 2. HP: 15/15 MP: 5/8
   377 | D:1      | Learned a level 2 spell: Scorch
   633 | D:1      | Found a faded altar of an unknown god.
   861 | D:1      | Reached skill level 4 in Fire Magic
   945 | D:1      | Reached XP level 3. HP: 13/19 MP: 5/9
  1531 | D:2      | Found a blossoming altar of Fedhas.
  1821 | D:2      | Noticed Robin
  1832 | D:2      | You fall into a shaft and drop 1 floor!
  2066 | D:2      | Reached XP level 4. HP: 24/24 MP: 1/11
  2071 | D:2      | Learned a level 4 spell: Flame Wave
  2189 | D:2      | Killed Robin
  2867 | D:3      | Found a shimmering blue altar of Sif Muna.
  2934 | D:3      | You fall into a shaft and drop 3 floors!
  2942 | D:5      | Entered Level 5 of the Dungeon
  2942 | D:5      | Noticed an ogre
  2948 | D:5      | Killed an ogre
  2949 | D:5      | Reached skill level 5 in Fire Magic
  2949 | D:5      | Reached XP level 5. HP: 7/28 MP: 12/12
  3048 | D:5      | Reached skill level 6 in Fire Magic
  3048 | D:5      | Reached XP level 6. HP: 18/32 MP: 13/13
  3236 | D:4      | Found a sand-covered staircase.
  3242 | Ossuary  | Entered an ossuary
  3252 | Ossuary  | Reached skill level 1 in Short Blades
  3263 | Ossuary  | Reached skill level 7 in Fire Magic
  3263 | Ossuary  | Reached XP level 7. HP: 31/37 MP: 1/14
  3278 | Ossuary  | Slain by a mummy

Illustrated notes

Levels and vault maps discovered:
D:1:      shiori_arrival_maze, layout_loops_ring,
          hellmonk_ecumenical_altar_dog_temple, minmay_statues_item
D:2:      layout_loops_ring, basic_altar, uniq_robin
D:3:      layout_loops_corners, old_standard_altar,
          lemuel_coloured_pillars_altar, minmay_misc_feat_doors,
          minmay_misc_feat_encased
D:4:      layout_layer_cave, mainiacjoe_overflow_concentric_impassable,
          jmf_multi_god_temple, serial_glass, glass_columns_b, glass_columns_c,
          nicolae_ossuary_entry_giza
D:5:      layout_rooms, okawaru_altar_gauntlet_db, amcnicky_altar_gilded,
          serial_shops, shop, corexii_hall_statues_l, uniq_edmund
D:6:      layout_basic, nzn_hepliaklqana_mist_gate, fedhas_ov_isle_minmay,
          minmay_temple_entry_poolview, minmay_crystal_room, water_boxes_lemuel,
          uniq_sigmund
Ossuary:  ossuary_minmay_tomb_2a

Skill      XL: |  1  2  3  4  5  6 |
---------------+-------------------+-----
Fire Magic     | 4 5 6 7 |  7.3
Stealth        | 3 |  3.0
Conjurations   | 2 3 |  3.5
Short Blades   | 1 |  1.4
Dodging        | 3 |  3.1
Fighting       | |  0.5
Spellcasting   | |  3.8

Action                   |  1- 3 |  4- 6 |  7- 9 || total
-------------------------+-------+-------+-------++-------
Melee: Unarmed           |    13 |       |       ||    13
       Dagger            |     4 |    19 |    15 ||    38
 Cast: Foxfire           |    48 |    18 |     1 ||    67
       Scorch            |    19 |     9 |       ||    28
       Flame Wave        |       |     4 |       ||     4
  Use: Scroll            |     4 |       |       ||     4
       Potion            |       |     3 |       ||     3
 Stab: Sleeping          |     1 |     1 |       ||     2
Armor: Robe              |     9 |    18 |       ||    27
Dodge: Dodged            |    18 |    31 |     8 ||    57
